[Event "Frauenbundesliga 2021-22"]
[Site "Germany"]
[Date "2022.05.26"]
[Round "3.27"]
[White "Radikovic, Anamarija"]
[Black "Savina, Anastasia"]
[Result "0-1"]
[ECO "B08"]
[WhiteElo "2133"]
[BlackElo "2348"]
[Annotator "TA"]
[PlyCount "48"]
[EventDate "2021.11.26"]
[EventType "team-tourn"]
[EventCountry "GER"]
[SourceTitle "playchess.com"]
[Source "ChessBase"]
[SourceQuality "1"]
[WhiteTeam "Harksheide"]
[BlackTeam "Bad Koenigshofen"]
[TimeControl "40/5400+30:1800+30"]

1. e4 Nc6 2. Nf3 d6 3. h3 Nf6 4. Nc3 g6 5. d4 Bg7 6. Be3 O-O 7. Qd2 e5 8. d5 {[%emt 0:04:37] B08: Pirc Defence: Classical System.} Ne7 9. Bh6 a6 10. g4 ({White should play} 10. a3) 10... b5 $11 11. Bd3 {[%emt 0:00:05] [#]} b4 $146 ({Predecessor:} 11... c5 12. dxc6 Nxc6 13. Bxg7 Kxg7 14. O-O-O Be6 15. Ng5 Qe7 16. Nxe6+ Qxe6 17. Kb1 Rfd8 {1-0 (46) Riazantsev,A (2638)-Klenburg,M (2346) Chess.com INT 2020}) 12. Ne2 c6 13. Ng3 (13. dxc6 $11 Nxc6 14. O-O) 13... cxd5 $17 14. Bxg7 Kxg7 15. g5 (15. Qxb4 $17 a5 16. Qa3) 15... Nxe4 $19 16. Bxe4 dxe4 17. Nxe4 Bb7 18. Qxb4 Rb8 19. O-O-O Bd5 {[%emt 0:06:06] The board is on fire.} 20. Qc3 (20. Qa4 Qc7 21. Nfd2) 20... Bxe4 {[%emt 0:04:43] Black is clearly winning.} 21. Nxe5 {[%emt 0:00:06] Hoping for Ng4+.} Nd5 22. Rxd5 Qxg5+ {[%emt 0:00:06][%mdl 64] [#] Pin, Double Attack} ({Less strong is} 22... Bxh1 23. Nc6+ Kg8 24. Nxd8 Bxd5 25. Nc6 $16) 23. Kb1 dxe5 24. Rxe5 Qf6 {[%emt 0:00:41] Black took control after the opening.  Weighted Error Value: White=0.65/Black=0.10 (very precise)} 0-1

[Event "Frauenbundesliga 2021-22"]
[Site "Germany"]
[Date "2022.05.26"]
[Round "3.28"]
[White "Belenkaya, Dina"]
[Black "Adamowicz, Katarzyna"]
[Result "1-0"]
[ECO "C45"]
[WhiteElo "2254"]
[BlackElo "2108"]
[Annotator "TA"]
[PlyCount "165"]
[EventDate "2021.11.26"]
[EventType "team-tourn"]
[EventCountry "GER"]
[SourceTitle "playchess.com"]
[Source "ChessBase"]
[SourceQuality "1"]
[WhiteTeam "Bad Koenigshofen"]
[BlackTeam "Harksheide"]
[TimeControl "40/5400+30:1800+30"]

1. e4 e5 2. Nf3 Nc6 3. d4 exd4 4. Nxd4 Nf6 5. Nxc6 bxc6 6. Nd2 g6 7. e5 Qe7 8. Qe2 Nd5 9. Ne4 {[%emt 1:26:42] Bg5 is the strong threat. C45: Scotch Game.} Bg7 10. f4 (10. c4 $11 f5 11. exf6 (11. cxd5 fxe4 12. dxc6 Bxe5 $15) 11... Nxf6 12. Nxf6+ Bxf6 13. Qxe7+ Kxe7 14. Bd3) 10... O-O $1 $17 11. c4 {[%emt 0:00:00] Black is better.} Ba6 (11... Nb6 $17 {Hoping for ...d5.} 12. Be3 Re8) 12. Qc2 (12. Qd2 $1 $11 Nb6 13. c5 Bxf1 14. cxb6) 12... Nb4 $1 {[%emt 0:23:17] [#]} 13. Qc3 $146 ({Predecessor:} 13. Qa4 c5 14. a3 Bb7 15. Nxc5 Qxc5 16. axb4 Qd4 17. Qd1 Qe4+ 18. Qe2 f6 19. Qxe4 Bxe4 {1-0 (36) Perez Mitjans,O (2414)-Ruiz Font,E (2063) Torredembarra 2014}) 13... d5 (13... c5 $1 $17 {aiming for ...f5.} 14. a3 Nc6) 14. a3 $11 dxe4 (14... Na2 $11 15. Rxa2 dxe4) 15. axb4 $14 Bc8 16. Be3 {[%emt 0:00:00] Inhibits c5. Strongly threatening Bc5.} Rd8 17. Bc5 $36 {[%emt 0:00:00][%mdl 2048] White has the initiative.} Qh4+ 18. g3 Qh5 19. h3 Bg4 {[%emt 0:20:44] Inhibits Be2.} 20. Rh2 (20. Bg2 $14 Bf3 21. Bxf3 exf3 22. g4 (22. Kf2 Qf5 $14) 22... Qh4+ 23. Bf2) 20... Bf3 $11 21. Rd2 Qf5 22. Rxa7 Qc8 $2 (22... Re8 $11) 23. Ra5 (23. Rxd8+ $18 Qxd8 24. Qd2) 23... Bf8 24. Bxf8 Rxf8 25. Qd4 ({Better is} 25. Rxa8 $1 $16 Qxa8 26. Kf2) 25... Qb7 (25... Rb8 $11) 26. Qc5 (26. Rxa8 $1 $18 Rxa8 27. c5) 26... Rad8 $14 27. Ra7 (27. Rxd8 $1 $14 Rxd8 28. e6) 27... Qc8 $1 $11 28. Rxd8 {[%emt 0:00:07] The board is on fire.} (28. Qxc6 $2 Rxd2 29. Kxd2 e3+ 30. Kxe3 Bxc6 $19) 28... Qxd8 (28... Rxd8 $5 29. Ra1 Qd7 $11) 29. Ra1 {[%emt 0:01:21] Prevents Qd1+. Active counter play!} Qd7 30. Qe3 Rd8 31. Qc3 h5 32. c5 (32. Kf2 $11 {remains equal.}) 32... Qd4 ({Black should try} 32... Qf5 $1 $17 {[%cal Oh5h4] White must now prevent ...h4!} 33. e6 (33. Kf2 $2 g5 $19) 33... Qxe6) 33. Qxd4 Rxd4 {[%emt 0:00:04][%mdl 4096] Endgame KRB-KRB} 34. b3 {[%emt 0:00:58] Threatens to win with Kf2.} e3 35. Be2 Bd5 36. Rc1 Rxb4 37. Bc4 Bxc4 38. bxc4 {[%emt 0:00:11] KR-KR} Rb3 39. Ke2 Kf8 40. Rd1 Rc3 41. Rd4 Ke7 42. g4 Ke6 43. Re4 h4 44. Rd4 g5 45. fxg5 Kxe5 46. Rd7 Kf4 47. Rxf7+ Kxg5 48. Rf5+ Kg6 49. Rh5 (49. Re5 $5 ) 49... Rc2+ 50. Kxe3 {[%emt 0:00:05] And now Kd4 would win.} Rc3+ 51. Kf4 Rxh3 52. Re5 Rc3 53. Re6+ Kf7 54. Rxc6 Rxc4+ 55. Kf5 h3 56. Rxc7+ Kg8 57. g5 {[%emt 0:01:46] Threatening mate with Kg6.} Rh4 $2 {[%emt 0:03:01][%mdl 8192] Black is now going downhill.} (57... h2 $11 58. Kg6 (58. Rc8+ Kg7 $11) 58... Kf8 59. Rf7+ (59. Rh7 Rc2 $11) 59... Kg8) 58. Kf6 $1 Rf4+ 59. Kg6 {[%emt 0:00:05] Rg7+ would kill now.} ({Don't blunder} 59. Ke5 $2 h2 60. Kxf4 h1=Q $19) 59... h2 $2 (59... Rf3 $18 60. Rd7 h2 61. Rg7+ Kf8) 60. Rg7+ $1 ({Weaker is} 60. Rh7 Rf2 $11) 60... Kf8 61. Rh7 Rf2 62. Rh8+ $1 Ke7 {[%emt 0:00:01] [#]} 63. Rh3 $2 (63. c6 $1 {mates} Rc2 64. Kg7 Rxc6 65. Rxh2 Rc3 66. g6 Rg3 67. Re2+ Kd7 68. Kf7) 63... Rc2 $2 (63... Kf8 $11) 64. Kh7 {[%emt 0:00:48] White mates.} Rxc5 65. g6 Kf6 66. Rxh2 Rc7+ 67. Kh6 Rc3 68. Rf2+ Ke7 69. Kg7 Rg3 70. Re2+ Kd8 71. Re5 Kd7 72. Kf7 Rf3+ 73. Kg8 Kd6 74. Re4 Kd5 75. Re8 Kd6 76. g7 Ra3 77. Re4 Kd7 78. Kf7 Rf3+ {[%emt 0:00:11] [#]} 79. Kg6 $1 Rg3+ 80. Kf6 Kd8 81. Re5 Kd7 82. Rg5 Rf3+ 83. Kg6 {[%emt 0:00:06] Weighted Error Value: White=0.18 (very precise) /Black=0.40} 1-0

[Event "Frauenbundesliga 2021-22"]
[Site "Germany"]
[Date "2022.05.26"]
[Round "3.29"]
[White "Brandt, Carina"]
[Black "Gvanceladze, Anna"]
[Result "0-1"]
[ECO "B15"]
[WhiteElo "2061"]
[BlackElo "2203"]
[Annotator "TA"]
[PlyCount "76"]
[EventDate "2021.11.26"]
[EventType "team-tourn"]
[EventCountry "GER"]
[SourceTitle "playchess.com"]
[Source "ChessBase"]
[SourceQuality "1"]
[WhiteTeam "Harksheide"]
[BlackTeam "Bad Koenigshofen"]
[TimeControl "40/5400+30:1800+30"]

1. e4 c6 2. d4 d5 3. Nd2 dxe4 4. Nxe4 Nf6 5. Nxf6+ exf6 6. Be3 Bd6 {[%emt 0:00:47] B15: Caro-Kann: 3 Nc3: 3...g6 and 3...dxe4 4 Nxe4 Nf6 5 Nxf6+ exf6.} 7. c3 Nd7 8. Qc2 Nb6 {[%emt 0:05:21] The position is equal.} 9. Bd3 {[%emt 0:04:40] [#]} h5 $146 (9... Nd5) ({Predecessor:} 9... Qc7 10. Ne2 Be6 11. Bd2 c5 12. O-O-O cxd4 13. Nxd4 Bxa2 14. Rhe1+ Kd8 15. Nb5 Qd7 16. Nxd6 Qxd6 {1-0 (34) Mullink,J (1610)-Heij,J (887) Haarlem 2012}) 10. O-O-O (10. c4) ({White should try} 10. c4 $14) 10... Nd5 $11 11. Bd2 Be6 12. g3 b5 13. f4 Ne7 14. Nf3 (14. Kb1 $15) 14... Bxa2 $19 15. Rde1 Bd5 16. Rhf1 Qa5 ({Black should play} 16... a5 $19 {And now ...a4 would win.} 17. Kb1 a4) 17. Nh4 Qa1+ 18. Qb1 Qxb1+ 19. Bxb1 g6 {[%emt 0:03:41][%cal Bg7g6,Bg6g5][%mdl 32] Prevents Nf5.} 20. Rf2 Kd7 21. f5 (21. Be4 {was worth a try.}) 21... g5 22. Ng2 Bb3 23. Rfe2 (23. Bc2 $142 Bxc2 24. Kxc2) 23... Nd5 24. Bd3 (24. Bc2 $142 Bxc2 25. Kxc2) 24... a5 25. Ne3 Nxe3 26. Rxe3 (26. Bxe3 $142 a4 27. Bf2) 26... h4 27. Bf1 hxg3 28. hxg3 a4 29. Kb1 Rh2 30. R1e2 Rxe2 31. Bxe2 Rh8 {[%emt 0:00:03] [#] Strongly threatening ...Rh1+.} 32. Bc1 (32. Bf3 $142 Bxg3 33. Bc1) 32... Rh1 33. c4 bxc4 {[%emt 0:01:16] White must now prevent ...Bb4.} 34. d5 cxd5 35. Bf3 Rg1 36. Bxd5 Bxg3 {[%emt 0:00:58] [#] ( -> ...Bf4)} 37. Bxf7 Bf4 38. Rc3 Bd2 {[%emt 0:00:37] Weighted Error Value: White=0.89/Black=0.11 (very precise)} 0-1

[Event "Frauenbundesliga 2021-22"]
[Site "Germany"]
[Date "2022.05.26"]
[Round "3.30"]
[White "Gromova, Iulia"]
[Black "Koehler, Inken"]
[Result "0-1"]
[ECO "D61"]
[WhiteElo "2236"]
[BlackElo "2002"]
[Annotator "TA"]
[PlyCount "170"]
[EventDate "2021.11.26"]
[EventType "team-tourn"]
[EventCountry "GER"]
[SourceTitle "playchess.com"]
[Source "ChessBase"]
[SourceQuality "1"]
[WhiteTeam "Bad Koenigshofen"]
[BlackTeam "Harksheide"]
[TimeControl "40/5400+30:1800+30"]

1. d4 d5 2. c4 e6 3. Nc3 Nf6 4. Bg5 Be7 5. e3 h6 6. Bh4 O-O 7. Nf3 Nbd7 8. Qc2 c5 9. Rd1 Qa5 10. cxd5 {[%emt 0:04:33] D61: Queen's Gambit Declined: Classical: 7 Qc2.} Nxd5 11. Bxe7 Nxe7 12. Bd3 {[%emt 0:03:41] The position is equal.} cxd4 13. exd4 Nf6 14. O-O Nc6 (14... b6 $15) 15. a3 Rd8 {[%emt 0:03:21] [#]} 16. Qe2 $146 ({Predecessor:} 16. Rfe1 Bd7 17. Qe2 Be8 18. Ne4 Nd5 19. Bb1 Rac8 20. Qd3 g6 21. g3 Nce7 22. Ne5 {0-1 (50) Gibaud,A-Ichim,T Munich 1936}) 16... Qb6 17. Na4 Qc7 18. Rc1 Qf4 19. Qe3 Nd5 20. Qe4 f5 21. Qe2 Nxd4 22. Nxd4 Qxd4 23. Bc2 (23. Bc4 $11 {remains equal.}) 23... Bd7 (23... Nf4 $17 24. Qf3 Bd7) 24. Rfd1 {[%emt 0:01:25] [#]} (24. g3 $1 $15) 24... Qf6 {[%emt 0:04:01] Black is more active.} (24... Nf4 $1 $17 25. Qf3 Qe5) 25. Nc5 $15 b6 26. Nxd7 Rxd7 27. Ba4 Rd6 28. h3 (28. Bb3 $15) 28... Rad8 $36 {[%emt 0:01:04][%mdl 2048] Black is really pushing.} 29. Bb3 (29. g3 $142) 29... Nf4 $17 30. Qe3 {[%emt 0:03:11] Hoping for Rxd6.} Rxd1+ 31. Rxd1 Rxd1+ 32. Bxd1 {[%emt 0:00:02][%mdl 4096] Endgame KQB-KQN} Nd5 33. Qe2 Kh7 34. Qc2 Qe5 35. Bf3 Nf4 36. Qd2 Ng6 37. g3 Qc5 38. b4 Qc7 39. Kh2 Ne5 40. Bg2 Nc4 41. Qc3 b5 42. a4 Qe5 ({Of course not} 42... bxa4 $6 43. Bf1 $11) 43. Qxe5 Nxe5 44. axb5 {[%emt 0:00:00] KB-KN} (44. a5 $17 {was necessary.}) 44... Nd3 $19 45. Bb7 Kg6 ({Weaker is} 45... Nxb4 46. Bc8 $17) 46. f4 Nxb4 47. Kg2 Nc2 48. Ba6 Kf6 49. g4 $2 (49. h4) 49... fxg4 50. hxg4 Ke7 51. Kf3 Kd6 52. Ke4 Nb4 53. Bc8 Nd5 54. f5 exf5+ 55. Bxf5 Nc3+ 56. Kf4 Nxb5 (56... g5+ $142 57. Ke3 Nxb5 58. Bd3 Kc5 59. Be4 Nd6 60. Bd3 a5 61. Bc2 Kd5 62. Bb3+ Ke5 63. Bc2 Nb5 64. Ba4 Nc3 65. Bc6 Nd5+ 66. Kf2 Nf6 67. Kg3 Kd4 68. Kf3 Kc5 69. Ba4 Kb4 70. Bd1 a4 71. Bc2 a3 72. Bb1 Kb3 73. Bg6 a2 74. Bf7+ Ka3 75. Bxa2 Kxa2 76. Kg3 Kb3 77. Kh3 Kc4 78. Kg3 Kd4 79. Kf3 Kd3 80. Kf2 Nxg4+ 81. Kg3 h5 82. Kf3 Ne5+ 83. Kf2 h4 84. Kf1 Ke3 85. Kg1 Nd3 86. Kg2 g4 87. Kg1 h3 88. Kh1 g3 89. Kg1 Kf4 90. Kf1 Kf3 91. Kg1 h2+ 92. Kh1 Nf2#) 57. Bd3 Nd4 58. Ke4 Nc6 59. Ba6 Nb4 60. Bc4 a5 61. Bb5 Nd5 (61... g5 $142 62. Ba4 Nd5 63. Kd4 Nb6 64. Be8 Nd7 65. Kc3 Nf6 66. Ba4 Nxg4 67. Kd3 h5 68. Ke4 Nf6+ 69. Kd3 h4 70. Ke2 Nd5 71. Ke1 Nc3 72. Be8 a4 73. Bf7 Nd5 74. Kd1 h3 75. Bh5 g4 76. Bxg4 Ne3+ 77. Ke2 Nxg4 78. Kf1 h2 79. Kg2 a3 80. Kg3 {[#]} h1=Q $1 81. Kxg4 a2 82. Kg5 a1=Q 83. Kg6 Qhg1+ 84. Kf7 Qag7+ 85. Ke8 Qg8#) 62. Kf5 Ne7+ (62... Nc3 $142 63. Ba6 a4 64. Bc4 Kc5 65. Bg8 a3 66. Ke5 Ne2 67. Ba2 Nc1 68. Bb1 Kb4 69. Kf5 Kc3 70. Kg6 Kb2 71. Bf5 a2 72. Be4 a1=Q 73. Kh7 Qa4 74. Bf5 Qd4 75. Be6 Nd3 76. Kg8 Qf6 77. Bc4 Ne5 78. g5 hxg5 79. Bd5 Ng6 80. Bf7 Ne7+ 81. Kf8 Nf5 82. Kg8 g6 83. Kf8 g4 84. Kg8 Qg7#) 63. Ke4 Ng6 (63... g5 $142 64. Ba4 Nd5) 64. Kf5 Ne5 {[%emt 0:00:17] ( -> ...g6+)} 65. Ba4 g6+ (65... g5 $142 66. Bd1 Nd3 67. Kg6 Nf2 68. Ba4 Nxg4 69. Kf5 Nf2 70. Bc2 Kc5 71. Ke5 Kb4 72. Bh7 a4 73. Kf5 a3 74. Bg8 Nd3 75. Kg4 Nc1 76. Kh5 Nb3 77. Kg6 a2 78. Be6 a1=Q 79. Bh3 Qa6+ 80. Kg7 Qb7+ 81. Kg6 Qc6+ 82. Kh7 Qf6 83. Bd7 Nc5 84. Bc8 Ne4 85. Bh3 g4 86. Bg2 Ng5+ 87. Kg8 Qg6+ 88. Kh8 Qh7#) 66. Kf6 g5 {[%emt 0:01:26] Black mates.} 67. Kf5 Kd5 68. Bb3+ Kd4 69. Bd1 Nd3 70. Ba4 Nf2 71. Bd7 Ke3 72. Bc6 Nd3 73. Bb5 Nf4 74. Bc6 Kf2 75. Bd7 Kg3 76. Ke4 Nh3 77. Kd4 Nf2 78. Kc4 Nxg4 79. Kb5 h5 80. Kxa5 h4 81. Kb4 h3 82. Bc6 h2 83. Kc3 Ne3 84. Bh1 Kf2 85. Kd3 g4 {[%emt 0:00:19] Weighted Error Value: White=0.52/Black=0.25 (precise)} 0-1

[Event "Frauenbundesliga 2021-22"]
[Site "Germany"]
[Date "2022.05.27"]
[Round "4.1"]
[White "Osmak, Yuliia"]
[Black "Socko, Monika"]
[Result "1/2-1/2"]
[ECO "A28"]
[WhiteElo "2428"]
[BlackElo "2384"]
[Annotator "TA"]
[PlyCount "176"]
[EventDate "2021.11.26"]
[EventType "team-tourn"]
[EventCountry "GER"]
[SourceTitle "playchess.com"]
[Source "ChessBase"]
[SourceQuality "1"]
[WhiteTeam "Bad Koenigshofen"]
[BlackTeam "Hamburger SK"]
[TimeControl "40/5400+30:1800+30"]

1. c4 e5 2. Nc3 Nf6 3. Nf3 Nc6 4. e4 Bb4 5. d3 d6 6. Be2 {[%emt 0:00:55] A28: English Opening: Four Knights Variation.} O-O {[%emt 0:03:11] 6...Bg4 injects fresh life into this line.} 7. Bg5 Nd4 {[%emt 0:05:27] [#]} (7... h6 $11 8. Bd2 Bg4) 8. Nxd4 $146 {[%emt 0:11:43] White is slightly better.} ({Predecessor:} 8. O-O Bxc3 9. bxc3 Nxf3+ 10. Bxf3 h6 11. Be3 c6 12. d4 Qe7 13. d5 c5 14. Rb1 {½-½ (39) Andreasen,P (2260)-Huenerkopf,H (2305) Brondby 1985}) 8... exd4 {[%emt 0:01:13][%mdl 64] Pin} 9. a3 $1 Ba5 10. b4 {[%emt 0:01:05] Nd5 is the strong threat.} c6 {[%emt 0:06:03] Inhibits Nd5.} 11. Nb1 Bc7 12. Nd2 d5 13. exd5 cxd5 14. c5 Re8 15. O-O a5 (15... h6 $5 16. Bh4 a5 $11) 16. Bf3 h6 17. Bxf6 Qxf6 18. g3 Bf5 19. Bxd5 (19. Qb3 {with more complications.} Qg5 20. Qxd5 Bxd3 21. Qxg5 hxg5 22. Rfc1) 19... Bxd3 20. Re1 Rxe1+ 21. Qxe1 axb4 (21... Rb8 $11 {remains equal.}) 22. axb4 $16 Rxa1 23. Qxa1 Ba6 (23... b6 $16) 24. Qe1 (24. Qa4 $18 {is more deadly. Strongly threatening Qe8+.} Qd8 25. Be4) 24... Qe5 (24... Bb5 $16) 25. Qxe5 $18 Bxe5 {[%emt 0:00:01][%mdl 4096] Endgame KBB-KBN} 26. Bc4 b5 27. cxb6 Bb7 28. Nb3 Bf3 29. Nc5 Bd6 30. Kf1 Kf8 31. Ke1 Ke7 32. Kd2 g5 33. Kd3 Be5 34. Nb3 f6 35. Nxd4 Bg2 36. Nf5+ Kd7 37. Ne3 {[%emt 0:00:56] Against Bf1+} Bh3 38. Bd5 h5 39. Bf3 Be6 40. Bxh5 f5 {[%emt 0:00:02] Inhibits Bg4.} 41. Bg6 f4 42. Nc2 Ba2 43. Ke4 Bd6 44. Kf5 fxg3 45. fxg3 ({Don't take} 45. hxg3 $6 Be7 46. Kg4 Kc6 47. Nd4+ Kxb6 $16) 45... Be7 46. Kg4 Kc6 47. Bd3 {[%emt 0:04:24] Prevents Bc4.} Kxb6 48. b5 Kc5 49. Kf5 Bd8 50. Ke4 (50. Kg6 $18) 50... Bg8 $16 51. Ke5 (51. Nd4 $16) 51... Bc7+ (51... Ba5 $1 $14) 52. Kf6 $18 Bd8+ 53. Kg6 Bb3 54. Ne1 Kd4 55. Bf5 {[%emt 0:00:33] Threatens to win with Nf3+.} Bd1 {[%emt 0:04:17] Prevents Nf3+.} 56. Nc2+ Kc5 57. Ne3 Be2 58. Bd7 Bd3+ 59. Kf7 (59. Kh6 $16) 59... Kd6 $1 $14 60. Bc6 Bb6 61. Ng4 Bf5 62. Nh6 Bd3 $2 (62... Be6+ $16 63. Kf6 g4) 63. Kf6 $1 $18 Bd8+ 64. Kg7 $1 Ke6 65. Ng4 {[%emt 0:01:35] Prevents Bf6+.} ({White should play} 65. Nf7 $18 Bf6+ 66. Kf8) 65... Be2 $16 66. Nf2 Kd6 $2 {[%emt 0:02:14][%mdl 8192] [#]} (66... Bb6 $16 {is tougher.}) 67. Kg6 $1 $18 Ke5 {[%emt 0:00:07] [#]} 68. Nh3 $1 Bd3+ (68... g4 {keeps fighting.}) 69. Kh5 Be2+ 70. g4 Kf6 71. Nxg5 Bc7 72. h3 Ke5 73. h4 Ba5 74. Bd7 (74. Nf3+ $142 Kd6 75. g5) 74... Kd6 75. Bc6 Ke5 $1 76. Nf7+ (76. Nf3+ $142 Kd6 77. g5) 76... Kf4 (76... Ke6 $142 77. Ng5+ Ke7) 77. Bd7 Bc7 78. Kg6 Bd3+ 79. Kf6 Bb6 80. g5 Bd4+ 81. Ke7 Bg6 82. Nh6 Bf2 83. Kf6 Bd3 84. h5 $2 (84. g6 $18) 84... Bd4+ $11 {[%emt 0:00:47] The position is equal.} 85. Ke6 Kxg5 86. Kd5 {[%emt 0:00:21] aiming for Nf7+.} Kxh6 87. Kxd4 Bxb5 $1 88. Bxb5 Kxh5 {[%emt 0:04:08] Weighted Error Value: White=0.12 (very precise) /Black=0.22 (precise)} 1/2-1/2

[Event "Frauenbundesliga 2021-22"]
[Site "Germany"]
[Date "2022.05.27"]
[Round "4.2"]
[White "Padmini, Rout"]
[Black "Schneider, Jana"]
[Result "1-0"]
[ECO "C78"]
[WhiteElo "2348"]
[BlackElo "2303"]
[Annotator "TA"]
[PlyCount "125"]
[EventDate "2021.11.26"]
[EventType "team-tourn"]
[EventCountry "GER"]
[SourceTitle "playchess.com"]
[Source "ChessBase"]
[SourceQuality "1"]
[WhiteTeam "Hamburger SK"]
[BlackTeam "Bad Koenigshofen"]
[TimeControl "40/5400+30:1800+30"]

1. e4 e5 2. Nf3 Nc6 3. Bb5 a6 4. Ba4 Nf6 5. O-O b5 6. Bb3 Bc5 7. a4 Rb8 8. c3 d6 9. d4 Bb6 10. a5 {[%emt 0:03:38] C78: Ruy Lopez: Archangelsk and Möller Defences.} Ba7 (10... Bxa5 $2 11. dxe5 (11. d5 Ne7 $18) 11... dxe5 12. Qxd8+ Kxd8 13. Bd5 (13. Bxf7 Bb6 $16) 13... Nxd5 14. exd5 $18) 11. h3 Bb7 12. Be3 {[%emt 0:00:23] White has an edge.} Nxe4 13. Nbd2 Nxd2 14. Qxd2 O-O 15. dxe5 dxe5 16. Qxd8 Rbxd8 17. Bxa7 Nxa7 18. Nxe5 {[%emt 0:00:09] [#] And now Rad1 would win.} Rd2 $146 (18... c5 $11 {and Black has nothing to worry.}) ({Predecessor:} 18... Bd5 19. Bc2 Nc6 20. Nxc6 Bxc6 21. Rad1 Rfe8 22. Rxd8 Rxd8 23. Rd1 Rxd1+ 24. Bxd1 Kf8 {1-0 (52) Carlsen,M (2855)-Firouzja,A (2754) Stavanger 2021}) 19. Rad1 $1 $18 Rxd1 20. Rxd1 ({Much less strong is} 20. Bxd1 $6 Nc8 $14) 20... Nc6 21. Bxf7+ Rxf7 22. Nxf7 Kxf7 23. Rd7+ Ne7 24. Rxc7 Bc8 25. g4 h5 26. f3 (26. Ra7 $1 $18) 26... hxg4 (26... h4 $16) 27. fxg4 ({Weaker is} 27. hxg4 Ke6 28. Kf2 g6 $16) 27... g5 28. Kh2 Kf6 29. Kg3 Be6 30. Ra7 Bc8 31. Rc7 {[%emt 0:01:18] Inhibits Nc6.} Be6 32. Ra7 Bc8 33. h4 gxh4+ 34. Kxh4 Ng6+ 35. Kh5 {[%emt 0:01:53] g5+ is the strong threat.} Nf4+ {[%emt 0:00:53] [#]} 36. Kh6 $1 Bxg4 37. Rxa6+ Ke5 38. Ra8 Nd5 39. Kg5 Bd7 40. Rd8 (40. Rb8 $18) 40... Bc6 $16 41. Kg4 {[%emt 0:31:05] Black must now prevent a6.} Ne3+ (41... Bb7 $16 42. Rb8 Ba6) 42. Kg3 $18 Nc4 {[%emt 0:04:39] [#]} 43. b4 {[%emt 0:08:25] Hoping for a6.} Nd6 $2 (43... Bb7 44. Kf2 Ba6) 44. a6 {[%emt 0:03:25] Strongly threatening a7.} Ne8 45. a7 Nc7 {[%emt 0:00:11] Prevents a8Q.} 46. Kf2 {[%emt 0:00:30] aiming for Ke2.} Ke6 47. Ke3 {[%emt 0:01:27] Threatens to win with Rb8.} Ke7 48. Rh8 (48. Rb8 $142 Kd7 49. c4 bxc4 50. b5) 48... Kd6 49. Kd4 Ne6+ 50. Ke3 (50. Kd3 $142 Nf4+ 51. Kd2) 50... Nc7 51. Rd8+ (51. Rh6+ $142 Ne6 52. Rh5) 51... Ke7 $1 52. Rb8 Kd6 53. c4 bxc4 54. b5 Bh1 55. b6 Nd5+ 56. Kd4 Ne7 57. Kxc4 Bd5+ 58. Kb5 Nc6 59. a8=Q Nd4+ 60. Ka6 Bxa8 61. Rxa8 {[%emt 0:00:00] White mates.} Nc6 62. b7 Kc7 63. Rc8+ {[%emt 0:00:00] Weighted Error Value: White=0.73/Black=0.43} 1-0

[Event "Frauenbundesliga 2021-22"]
[Site "Germany"]
[Date "2022.05.27"]
[Round "4.3"]
[White "Melamed, Tatjana"]
[Black "Gaal, Zsoka"]
[Result "1/2-1/2"]
[ECO "B15"]
[WhiteElo "2353"]
[BlackElo "2323"]
[Annotator "TA"]
[PlyCount "91"]
[EventDate "2021.11.26"]
[EventType "team-tourn"]
[EventCountry "GER"]
[SourceTitle "playchess.com"]
[Source "ChessBase"]
[SourceQuality "1"]
[WhiteTeam "Bad Koenigshofen"]
[BlackTeam "Hamburger SK"]
[TimeControl "40/5400+30:1800+30"]

1. e4 {[%emt 0:00:08] Duda,Jan Krzysztof} c6 2. d4 d5 3. Nd2 dxe4 4. Nxe4 Nf6 5. Nxf6+ exf6 6. c3 Bd6 7. Bd3 O-O 8. Qc2 {[%emt 0:00:20] Active counter play!} Re8+ {[%emt 0:00:13] B15: Caro-Kann: 3 Nc3: 3...g6 and 3...dxe4 4 Nxe4 Nf6 5 Nxf6+ exf6.} 9. Ne2 (9. Be3 $5 ) 9... h5 10. Be3 Nd7 {[%emt 0:00:59] White is slightly better.} 11. O-O-O b5 12. d5 c5 {[%emt 0:01:35][%cal Bc6c5,Bc5c4][%mdl 32] [#]} 13. Ng3 $146 (13. Bxb5 $14 Rb8 14. c4) ({Predecessor:} 13. Bxb5 Rb8 14. c4 a6 15. Ba4 Re7 16. Ng3 Ne5 17. Ne4 Reb7 18. b3 Rb4 19. Bd2 Rxa4 20. bxa4 {1-0 (63) Duda,J (2757)-Carlsen,M (2863) Stavanger 2020 CBM 199 [Duda,Jan Krzysztof]}) 13... c4 14. Bh7+ Kh8 15. Nxh5 Ne5 {[%emt 0:25:33] aiming for ...g6.} 16. Bf5 Qa5 (16... b4 $15 {keeps the upper hand.} 17. Ng3 g6) 17. Bxc8 (17. Kb1 $16) 17... Raxc8 $11 18. Qf5 (18. Kb1 $5 ) 18... Qxa2 19. Nxf6 $1 gxf6 (19... Nd3+ 20. Rxd3 gxf6 21. Qxf6+ Kg8 22. Rd4 Rxe3 23. Rg4+ Kf8 24. Qxd6+ Re7 25. Rh4) 20. Qxf6+ Kg8 (20... Kh7 $5 21. Rd4 (21. Qxd6 $2 Nd3+ 22. Rxd3 Qa1+ 23. Kc2 cxd3+ 24. Kxd3 Rxe3+ 25. fxe3 Qxh1 $19) 21... Nd3+ 22. Rxd3 Qa1+ 23. Kc2 cxd3+ 24. Kxd3 Rxe3+ 25. fxe3 Qxh1 26. Qxf7+ Kh8 27. Qf6+ Kh7 28. Qf7+ Kh8 29. Qf6+ Kh7 30. Qf7+ $11) 21. Bh6 (21. Bd4 $2 b4 $1 22. Qg5+ Ng6 $19) 21... Nd3+ (21... Qa1+ $2 22. Kc2 Qa4+ 23. Kb1 $18) 22. Rxd3 $1 Qa1+ 23. Kc2 Re2+ (23... cxd3+ $2 24. Kxd3 Bf8 25. Rxa1 $18) 24. Rd2 Rxd2+ 25. Bxd2 {[%emt 0:04:07] The board is on fire.} ({Reject} 25. Kxd2 Qxb2+ 26. Kd1 (26. Ke3 $2 Bc5+ 27. Ke4 Qc2+ 28. Kf4 Qxf2+ 29. Kg5 Be3+ 30. Kg4 Qxf6 $19) 26... Qb1+ 27. Bc1 (27. Kd2 $2 Qd3+ 28. Ke1 Re8+ 29. Be3 Be5 $19) 27... Qb3+ 28. Ke2 Qc2+ 29. Kf3 Qd3+ 30. Kg4 Qe4+ 31. Kh3 Qxd5 $17) 25... Qxh1 26. Qxd6 (26. Qf5 $11 Ra8 27. Qg4+ Kh8 28. Qh4+ Kg8 29. Qg4+ Kh8 30. Qh4+ Kg8 31. Qg4+) 26... Qxg2 {[%emt 0:00:20][%mdl 4096] Endgame KQR-KQB} 27. Qd7 Qe4+ $1 28. Kc1 {[%emt 0:00:04] [#]} Re8 (28... Rc5 $1 $19 {And now ...a5 would win.} 29. f3 Qxd5 30. Qg4+ Kf8) 29. f3 $1 $36 {[%emt 0:01:27][%mdl 2048] White has the initiative.} Qe5 30. d6 Qe6 31. Qxb5 f6 32. Qh5 Qf7 33. Qg4+ Kh8 34. Qh4+ Kg7 35. Qg4+ Kh8 36. Qd4 Rd8 37. Be3 a6 38. Qh4+ Kg7 {[%emt 0:00:30] [#]} (38... Kg8 $14) 39. Qf4 (39. Bb6 $1 $16 Rd7 40. Qg4+ (40. Qh3 Qe8 $11) 40... Kf8 41. h4) 39... Qd7 {[%emt 0:00:47] The position is equal.} 40. Qxc4 Qxd6 41. Qg4+ Kf7 42. Qh5+ Ke6 43. Qh3+ ({Don't play} 43. Bd4 Qf4+ 44. Kc2 Qf5+ 45. Qxf5+ Kxf5 $17) 43... Kf7 44. Qh7+ Ke6 45. Qh3+ Kf7 46. Qh7+ {[%emt 0:00:15] Weighted Error Value: White=0.21 (precise) /Black=0.13 (very precise)} 1/2-1/2